 Dungeon Crawl Stone Soup version 0.27-a0-676-gc1da3516c2 (webtiles) character file.

Game seed: 6434459645204368179

71 Aapotti the Gusty (level 3, 0/26 HPs)
             Began as a Demigod Air Elementalist on Mar 18, 2021.
             Slain by Natasha (1 damage)
             ... on level 2 of the Dungeon.
             The game lasted 00:08:18 (2381 turns).

Aapotti the Gusty (Demigod Air Elementalist)        Turns: 2381, Time: 00:08:20

Health: 0/26       AC:  2    Str: 13    XL:     3   Next: 79%
Magic:  1/9        EV: 12    Int: 17    God:
Gold:   17         SH:  0    Dex: 14    Spells: 4/7 levels left

rFire    . . .     SeeInvis +   g - +0 short sword
rCold    . . .     Faith    .   (no shield)
rNeg     . . .     Spirit   .   a - +0 robe
rPois    .         Reflect  .   (no helmet)
rElec    .         Harm     .   (no cloak)
rCorr    .         Rampage  .   (no gloves)
Will     .....                  (no boots)
Stlth    ++........             (no amulet)
HPRegen  0.08/turn              i - ring of see invisible
MPRegen  0.11/turn              (no ring)

@: very slightly contaminated
A: high mp 1, forlorn
a: no special abilities


You were on level 2 of the Dungeon.
You visited 1 branch of the dungeon, and saw 2 of its levels.

You collected 17 gold pieces.

Inventory:

Hand Weapons
 g - a +0 short sword (weapon)
Armour
 a - a +0 robe (worn)
Magical Staves
 f - a staff of earth
 h - a staff of cold
Jewellery
 i - a ring of see invisible (right hand)
Scrolls
 c - a scroll of teleportation {unknown}
 d - 2 scrolls of identify {unknown}
Potions
 b - a potion of brilliance {unknown}
 e - a potion of mutation {unknown}


   Skills:
 + Level 1.9 Dodging
 + Level 1.9 Stealth
 + Level 2.5 Spellcasting
 + Level 1.6 Conjurations
 + Level 3.5 Air Magic


You had 4 spell levels left.
You knew the following spells:

 Your Spells              Type           Power      Damage    Failure   Level
a - Shock                 Conj/Air       40%        1d5       6%          1
b - Swiftness             Air            14%        N/A       7%          2

Your spell library contained the following spells:

 Spells                   Type           Power      Damage    Failure   Level
 Static Discharge         Conj/Air       10%        N/A       19%         3
 Airstrike                Air            7%         N/A       41%         4
 Lightning Bolt           Conj/Air       5%         1d17      87%         5


Dungeon Overview and Level Annotations

Branches:
Dungeon (2/15)

Annotations:
D:2 Natasha


Innate Abilities, Weirdness & Mutations

Your attributes grow dramatically as you level up.
You have an increased reservoir of magic. (+10% MP)
You shall have no god before yourself.


Message History

Casting: Shock (safe; 6% risk of failure)
Confirm with . or Enter, or press ? or * to list all spells.
Aiming: Shock (safe; 6% risk of failure)
Press: ? - help, Shift-Dir - straight line, f/p - Natasha
Aim: Natasha (moderately wounded, 40% to evade)
The zap misses Natasha.
Casting: Shock (safe; 6% risk of failure)
Confirm with . or Enter, or press ? or * to list all spells.
Aiming: Shock (safe; 6% risk of failure)
Press: ? - help, Shift-Dir - straight line, f/p - Natasha
Aim: Natasha (moderately wounded, 40% to evade)
The zap hits Natasha.
Natasha is moderately wounded.
Casting: Shock (safe; 6% risk of failure)
Confirm with . or Enter, or press ? or * to list all spells.
Aiming: Shock (safe; 6% risk of failure)
Press: ? - help, Shift-Dir - straight line, f/p - Natasha
Aim: Natasha (moderately wounded, 40% to evade)
The zap misses Natasha.
The zap hits Natasha.
Natasha is heavily wounded.
Casting: Shock (safe; 6% risk of failure)
Confirm with . or Enter, or press ? or * to list all spells.
Aiming: Shock (safe; 6% risk of failure)
Press: ? - help, Shift-Dir - straight line, f/p - Natasha
Aim: Natasha (heavily wounded, 40% to evade)
The zap hits Natasha.
Natasha is almost dead.
The zap hits Natasha but does no damage.
Natasha is almost dead.
Natasha claws you!
* * * LOW HITPOINT WARNING * * *
Casting: Shock (safe; 6% risk of failure)
Confirm with . or Enter, or press ? or * to list all spells.
Aiming: Shock (safe; 6% risk of failure)
Press: ? - help, Shift-Dir - straight line, f/p - Natasha
Aim: Natasha (almost dead, 40% to evade)
You miscast Shock.
You are very lightly contaminated with residual magic.
Nothing appears to happen.
Natasha claws you.
You die...

#.# #.....#
#.##.##.# #)#
#.<...# #.......#
###.###
#.....######.####
#..†..#
#.....##......#
#..(..#
#.....#.###...#
#.....######....##
##...)#
#........######.#
#....#
#.....###.#####.#
#....# #.##.##
##@...##. ...###
#. #.# #h....##.
...# #. #.#
#......... #######
#. ##. ......###(#
#... . ##'##... .#
###.## .8 #### #
#..... .. #..#..
... #..... #...##


You could see Natasha.

Vanquished Creatures
  Natasha (D:2)
  A dart slug (D:1)
  A leopard gecko (D:2)
  4 bats (D:1)
  6 goblins
  8 hobgoblins
  2 jackals (D:1)
  A quokka (D:1)
  3 frilled lizards
  8 kobolds
  6 rats
41 creatures vanquished.

Notes
Turn   | Place    | Note
-------+----------+-------------------------------------------
     0 | D:1      | Aapotti the Demigod Air Elementalist began the quest for
                  | the Orb.
     0 | D:1      | Reached XP level 1. HP: 14/14 MP: 5/5
   196 | D:1      | Reached skill level 3 in Air Magic
   278 | D:1      | Reached XP level 2. HP: 20/20 MP: 4/7
   281 | D:1      | Learned a level 2 spell: Swiftness
   933 | D:1      | You fall into a shaft and drop 1 floor!
  1055 | D:1      | Reached skill level 1 in Conjurations
  1443 | D:1      | Reached XP level 3. HP: 26/26 MP: 6/9
  1846 | D:2      | Noticed Natasha
  1856 | D:2      | Killed Natasha
  2373 | D:2      | Noticed Natasha
  2380 | D:2      | HP: 1/26 [Natasha (9)]
  2381 | D:2      | Slain by Natasha

Illustrated notes

Levels and vault maps discovered:
D:1:      lightli_arrival_quake, layout_loops_corners
D:2:      layout_loops_cross, lightli_temple_of_fire,
          nicolae_hepliaklqana_monster_ancestors, dk_noncrumbling_4, uniq_robin,
          uniq_natasha

Skill      XL: |  1  2 |
---------------+-------+-----
Spellcasting   | 2 |  2.5
Air Magic      | 3 |  3.5
Conjurations   | 1 |  1.6
Dodging        | |  1.9
Stealth        | |  1.9

Action                   || total
-------------------------++-------
Melee: Unarmed           ||    14
       Short sword       ||     6
 Cast: Shock             ||   101
       Swiftness         ||     1
 Stab: Sleeping          ||     1
Armor: Robe              ||     8
Dodge: Dodged            ||    24

Table legend: (Time is in decaauts)
 A = Elapsed time spent in this place.
 B = Non-inter-level travel time spent in this place.
 C = Inter-level travel time spent in this place.
 D = Time resting spent in this place.
 E = Time spent auto-exploring this place.
 F = Levels seen in this place.
 G = Mean time per level.
                   A        B        C        D        E       F      G
               +--------+--------+--------+--------+--------+-----+--------+
         Total |   2380 |   2345 |     35 |    856 |   1168 |   2 | 1190.0 |
       Dungeon |   2380 |   2345 |     35 |    856 |   1168 |   2 | 1190.0 |
               +--------+--------+--------+--------+--------+-----+--------+

Top non-repeatable levels by time:
     D:1: 1705 daAuts
     D:2: 674 daAuts
